 Dungeon Crawl Stone Soup version 0.24-a0-36-gf1fd2d0 (webtiles) character file.

Game seed: 910213601244005057

13251 Geeful the Cardsharp (level 12, -3/81 HPs)
             Began as an Octopode Wizard on Feb 2, 2019.
             Was a High Priest of Nemelex Xobeh.
             Slain by a hippogriff (4 damage)
             ... on level 1 of the Lair of Beasts.
             The game lasted 01:16:54 (19330 turns).

Geeful the Cardsharp (Octopode Wizard)             Turns: 19330, Time: 01:16:55

Health: -3/81      AC:  7    Str:  3 (6)  XL:     12   Next: 4%
Magic:  21/21      EV: 18    Int: 26      God:    Nemelex Xobeh [*****.]
Gold:   458        SH:  5    Dex: 12      Spells: 10/24 levels left

rFire    + . .     SeeInvis .   a - +2 scimitar (flame)
rCold    + . .     Gourm    .   r - +0 buckler of Fedhas's Castigation {*Contam MR+ rCorr Int+2} (curse)
rNeg     . . .     Faith    .   u - +2 hat
rPois    .         Spirit   .   (no amulet)
rElec    .         Reflect  .   x - +4 ring of protection
rCorr    +         Harm     .   l - ring of fire
MR       +....                  (no ring)
Stlth    +++.......             (no ring)
HPRegen  0.23/turn              (no ring)
MPRegen  0.17/turn              (no ring)
                                (no ring)
                                (no ring)

@: no status effects
A: almost no armour, stealthy swim, amphibious, 8 rings, constrict 8, camouflage
1, cold resistance 2, deterioration 1, wild magic 1, gelatinous body 1
a: Draw Escape, Draw Destruction, Draw Summoning, Triple Draw, Deal Four, Stack
Five, Renounce Religion


You were on level 1 of the Lair of Beasts.
You worshipped Nemelex Xobeh.
Nemelex Xobeh was extremely pleased with you.
You were not hungry.

You visited 2 branches of the dungeon, and saw 13 of its levels.

You collected 630 gold pieces.
You spent 172 gold pieces at shops.

Inventory:

Hand Weapons
 a - a +2 scimitar of flaming (weapon)
 b - a +0 blowgun
 y - the +4 spear "Kamucoeb" {speed, rElec Dex+4}
   (You found it on level 8 of the Dungeon)

   Attacks with this weapon are significantly faster.
   It affects your dexterity (+4).
   It insulates you from electricity.
 A - a +0 rapier of flaming
 D - a +0 dagger of draining
Missiles
 j - 432 stones (quivered)
 t - 72 poisoned needles
 H - 15 curare-tipped needles
Armour
 r - the cursed +0 buckler of Fedhas's Castigation (worn) {*Contam MR+ rCorr Int+2}
   (You found it on level 5 of the Dungeon)

   It affects your intelligence (+2).
   It affects your resistance to hostile enchantments.
   It causes magical contamination when unequipped.
   It provides partial protection from all sources of acid and corrosion.
   It has a curse placed upon it.
 u - a +2 hat (worn)
Magical Staves
 G - an uncursed staff of wizardry
Jewellery
 l - a ring of fire (right tentacle)
 x - a +4 ring of protection (left tentacle)
 J - a +2 ring of slaying
 K - an uncursed ring of fire
 L - a +3 ring of dexterity {unknown}
Wands
 g - a wand of iceblast (15)
 i - a wand of polymorph (18)
 v - a wand of flame (27)
 E - a wand of disintegration (12)
Scrolls
 d - 6 scrolls of teleportation
 e - a scroll of enchant armour
 h - 2 scrolls of immolation
 k - 3 scrolls of magic mapping
 m - a scroll of blinking
 o - 5 scrolls of amnesia
 p - 3 scrolls of remove curse
 q - a scroll of fear
 s - 5 scrolls of identify
Potions
 f - 3 potions of haste
 n - a potion of lignification
 w - 4 potions of agility
 z - a potion of might
 B - a potion of curing
 C - 2 potions of brilliance
 F - a potion of flight
 I - a potion of resistance
Comestibles
 c - 20 rations


   Skills:
 + Level 7.6 Fighting
 + Level 2.6 Long Blades
 + Level 10.1 Dodging
 - Level 4.1 Stealth
 - Level 4.3 Shields
 - Level 6.5 Spellcasting
 - Level 6.3 Conjurations
   Level 1.0 Summonings
 - Level 1.0 Translocations
 + Level 10.4 Invocations


You had 10 spell levels left.
You knew the following spells:

 Your Spells              Type           Power        Failure   Level  Hunger
a - Magic Dart            Conj           ####         1%          1    None
b - Blink                 Tloc           N/A          11%         2    None
c - Mephitic Cloud        Conj/Pois/Air  ####....     13%         3    None
d - Conjure Flame         Conj/Fire      #####...     9%          3    None
e - Stone Arrow           Conj/Erth      ####..       9%          3    None
f - Slow                  Hex            ##......     14%         2    None

Your spell library contained the following spells:

 Spells                   Type           Power        Failure   Level  Hunger
 Searing Ray              Conj           ######       1%          2    None
 Flame Tongue             Conj/Fire      #####        3%          1    None
 Throw Flame              Conj/Fire      #####.       4%          2    None
 Iskenderun's Mystic Bla  Conj           ######..     8%          4    ###....
 Dazzling Spray           Conj/Hex       ####..       9%          3    None
 Confusing Touch          Hex            ##....       11%         1    None
 Sandblast                Erth           ##....       11%         1    None
 Call Imp                 Summ           ###.....     11%         2    None
 Passwall                 Tmut/Erth      ##......     14%         2    None
 Gell's Gravitas          Tloc           ###.......   19%         3    None
 Force Lance              Conj/Tloc      #####...     21%         4    ###....
 Portal Projectile        Hex/Tloc       ##....       22%         3    None
 Fulminant Prism          Conj/Hex       ####......   26%         4    ###....
 Sticky Flame             Conj/Fire      #####...     26%         4    ###....
 Confuse                  Hex            ##......     28%         3    None
 Inner Flame              Hex/Fire       ###.....     28%         3    None
 Fireball                 Conj/Fire      #####.....   54%         5    #####..
 Petrify                  Tmut/Erth      ##......     63%         4    ###....
 Lee's Rapid Deconstruct  Erth           ##........   92%         5    #####..
 Metabolic Englaciation   Hex/Ice        ##........   92%         5    #####..
 Yara's Violent Unravell  Hex/Tmut       ##........   92%         5    #####..
 Dispersal                Tloc           ###.......   100%        6    ######.
 Dragon Form              Tmut           ##........   100%        7    #######


Dungeon Overview and Level Annotations

Branches:
Dungeon (12/15)            Temple (0/1) D:5            Lair (1/6) D:9
    Orc (0/2) D:12

Altars:
Ashenzari
Elyvilon
Fedhas
Kikubaaqudgha
Nemelex Xobeh
Wu Jian

Shops:
D:4 }   D:6 *

Portals:
Trove: D:10 (give 13 scrolls of teleportation)

Annotations:
D:6 3 runed translucent doors, exclusion: oklob plant, TrashTierHero's ghost, novice HuHu
D:7 exclusion: door


Innate Abilities, Weirdness & Mutations

You cannot wear most types of armour.
You are very stealthy in the water. (Stealth+)
You are amphibious.
You can wear up to eight rings at the same time.
You can use your tentacles to constrict eight enemies at once.
Your skin changes colour to match your surroundings (Stealth+).
Your rubbery body absorbs attacks. (AC +1, EV +1)
Your flesh is very cold resistant. (rC++)
Your body sometimes deteriorates upon taking damage.
Your spells are a little harder to cast, but a little more powerful.


Message History

The hippogriff bites you!
* * * LOW HITPOINT WARNING * * *
The hippogriff pecks you.
* * * LOW HITPOINT WARNING * * *
You block the hippogriff's attack.
Your flayed ghost hits the komodo dragon!!
The komodo dragon dies!
You feel your dexterity returning. The hippogriff closely misses you.
The hippogriff pecks you.
* * * LOW HITPOINT WARNING * * *
The hippogriff claws you.
* * * LOW HITPOINT WARNING * * *
You barely miss the hippogriff.
You squeeze the hippogriff, but do no damage.
Your flayed ghost hits the hippogriff!!
The hippogriff closely misses you. The hippogriff pecks you.
* * * LOW HITPOINT WARNING * * *
The hippogriff claws you.
You die...
Your body glows slightly and disappears.

........### #♣.♣♣ ♣♣
♣P♣ .####.....## ♣P♣
♣P ♣♣♣♣ #......###♣P♣
♣.♣♣..
#........#.♣♣♣......
#............♣......
#..#####.............
#...# ###...........
#...# #...HW......
...# #..$@†..####
#.........#
##.......##
#....#..### .........
.........# .........
.....###..


You could see a hippogriff and a friendly flayed ghost.

Vanquished Creatures
  2 two-headed ogres
  An ugly thing (D:7)
  A spiny frog (Lair:1)
  A black mamba (Lair:1)
  A komodo dragon (D:9)
  A kobold demonologist (D:7)
  An efreet (D:11)
  3 trolls
  Sigmund (D:6)
  A wyvern (D:12)
  2 shadows
  Grum (D:11)
  A hungry ghost (D:12)
  A steam dragon (D:7)
  2 water moccasins
  A porcupine (Lair:1)
  An orc warrior (D:9)
  A sky beast (D:12)
  2 black bears
  A necrophage (D:5)
  2 eyes of draining
  An ice beast (D:9)
  4 phantoms
  8 ogres
  A boggart (D:8)
  9 centaurs
  4 wolves
  A crocodile (Lair:1)
  2 big kobolds
  7 bullfrogs
  A wyvern zombie (D:12)
  A wyvern skeleton (D:7)
  2 scorpions
  A howler monkey (D:5)
  3 crimson imps
  A quasit (D:4)
  5 orc priests
  8 hounds
  3 jellies
  2 centaur skeletons (D:11)
  11 orc wizards
  5 iguanas
  9 worker ants
  3 gnolls (D:4)
  12 adders
  A river rat (D:9)
  A shadow imp (D:8)
  A white imp (D:9)
  A worker ant simulacrum (D:9)
  3 oozes
  An adder skeleton (D:4)
  A worm (D:3)
  3 dart slugs
  An adder simulacrum (D:9)
  7 leopard geckos
  27 orcs
  4 ball pythons
  4 giant cockroaches
  13 goblins
  11 hobgoblins
  19 jackals
  11 kobolds
  7 quokkas
  8 bats
  7 frilled lizards
  A jackal skeleton (D:7)
  A leopard gecko skeleton (D:7)
  A leopard gecko zombie (D:8)
  16 rats
282 creatures vanquished.

Vanquished Creatures (collateral kills)
  Erolcha (D:10)
  Erica (D:11)
  Sonja (D:11)
  An unseen horror (D:7)
  A cyclops (D:11)
  Joseph (D:10)
  A komodo dragon (Lair:1)
  A shadow (D:11)
  A vampire (D:9)
  A yak (D:9)
  A wraith (D:10)
  A hungry ghost (D:9)
  An ice beast (D:8)
  A phantom (D:8)
  A big kobold (D:10)
  A bullfrog (Lair:1)
  3 killer bees (D:8)
  A crimson imp (D:10)
  A hound (D:11)
  3 jackals (D:11)
  3 kobolds (D:10)
27 creatures vanquished.

Vanquished Creatures (others)
  A wyvern (D:11)
  A ball lightning (D:4)
  An orc (D:4)
  33 plants (D:9)
36 creatures vanquished.

Grand Total: 345 creatures vanquished

Notes
Turn   | Place    | Note
-------+----------+-------------------------------------------
     0 | D:1      | Geeful the Octopode Wizard began the quest for the Orb.
     0 | D:1      | Reached XP level 1. HP: 11/11 MP: 4/4
   293 | D:1      | Reached XP level 2. HP: 17/17 MP: 6/6
  1079 | D:1      | Reached XP level 3. HP: 21/21 MP: 7/7
  1474 | D:1      | Learned a level 2 spell: Blink
  1478 | D:1      | Learned a level 3 spell: Mephitic Cloud
  1829 | D:2      | Reached XP level 4. HP: 20/27 MP: 9/9
  2661 | D:2      | Found a blossoming altar of Fedhas.
  2662 | D:2      | Found a white marble altar of Elyvilon.
  2665 | D:2      | Found an ornate altar of the Wu Jian Council.
  2699 | D:2      | Found a sparkling altar of Nemelex Xobeh.
  2718 | D:2      | Became a worshipper of Nemelex Xobeh the Trickster
  2930 | D:2      | Received a gift from Nemelex Xobeh
  3594 | D:3      | Reached XP level 5. HP: 8/31 MP: 10/10
  4476 | D:3      | Reached skill level 1 in Invocations
  5068 | D:4      | Learned a level 3 spell: Conjure Flame
  5071 | D:4      | Noticed Grinder
  5796 | D:4      | Reached * piety under Nemelex Xobeh
  5796 | D:4      | Received a gift from Nemelex Xobeh
  5796 | D:4      | Noticed a phantom
  5862 | D:4      | Found Naomp's Gadget Shoppe.
  5878 | D:4      | Reached XP level 6. HP: 27/36 MP: 10/12
  5905 | D:4      | Bought a wand of paralysis (2) for 40 gold pieces
  5905 | D:4      | Bought a wand of paralysis (3) for 50 gold pieces
  5909 | D:4      | Killed a phantom
  6160 | D:4      | Reached XP level 7. HP: 41/41 MP: 10/13
  6581 | D:4      | Noticed Grinder
  6581 | D:4      | Grinder changed into Grinder the quasit
  6593 | D:4      | Killed Grinder the quasit
  6805 | D:5      | Entered Level 5 of the Dungeon
  7323 | D:5      | Got a steaming buckler
  7622 | D:5      | Reached skill level 1 in Shields
  7719 | D:5      | Received a gift from Nemelex Xobeh
  7886 | D:5      | Reached ** piety under Nemelex Xobeh
  7931 | D:5      | Reached XP level 8. HP: 34/43 MP: 10/15
  8000 | D:5      | Found a staircase to the Ecumenical Temple.
  8098 | D:6      | Noticed TrashTierHero's ghost (novice HuHu)
  8099 | D:6      | Found a runed translucent gate.
  8099 | D:6      | Found a runed translucent gate.
  8100 | D:6      | Found a runed translucent gate.
  8103 | D:6      | Found Lehimine's General Store.
  8109 | D:6      | Bought a scroll of enchant armour for 82 gold pieces
  8115 | D:6      | Found an ancient bone altar of Kikubaaqudgha.
  8152 | D:6      | Received a gift from Nemelex Xobeh
  8159 | D:6      | Noticed Sigmund
  8170 | D:6      | Identified the cursed +0 buckler of Fedhas's Castigation
                  | {*Contam MR+ rCorr Int+2} (You found it on level 5 of the
                  | Dungeon)
  8184 | D:6      | Killed Sigmund
  8460 | D:6      | Found a blossoming altar of Fedhas.
  8547 | D:6      | Found a shattered altar of Ashenzari.
  8548 | D:6      | Noticed a two-headed ogre
  8562 | D:6      | Killed a two-headed ogre
  8562 | D:6      | Reached skill level 5 in Dodging
  8562 | D:6      | Reached skill level 5 in Spellcasting
  8562 | D:6      | Reached skill level 5 in Conjurations
  8562 | D:6      | Reached XP level 9. HP: 30/51 MP: 13/17
  9088 | D:6      | Noticed an oklob plant
  9304 | D:7      | Reached *** piety under Nemelex Xobeh
  9559 | D:7      | Reached skill level 5 in Invocations
  9710 | D:7      | Received a gift from Nemelex Xobeh
  9793 | D:7      | Noticed a red ugly thing
  9824 | D:7      | Killed a brown ugly thing
  9833 | D:7      | Noticed a kobold demonologist
  9863 | D:7      | HP: 1/51 [something (11)]
  9871 | D:7      | Killed an unseen horror
 10176 | D:7      | Killed a kobold demonologist
 10300 | D:7      | Noticed a troll
 10788 | D:8      | Received a gift from Nemelex Xobeh
 11019 | D:8      | Reached skill level 1 in Fighting
 11023 | D:8      | Reached XP level 10. HP: 32/58 MP: 17/19
 11275 | D:8      | Identified Vomn's Reference Book on the Unstable Compass
 11289 | D:8      | Noticed a two-headed ogre
 11328 | D:8      | Killed a two-headed ogre
 11567 | D:8      | Gained mutation: You are dopey. (Int -2) [potion of
                  | mutation]
 11567 | D:8      | Gained mutation: Your skin blends seamlessly with your
                  | surroundings (Stealth++). [potion of mutation]
 11882 | D:8      | Got an iridescent spear
 11883 | D:8      | Identified the +4 spear "Kamucoeb" {speed, rElec Dex+4}
                  | (You found it on level 8 of the Dungeon)
 12338 | D:9      | Reached **** piety under Nemelex Xobeh
 13702 | D:9      | Found a staircase to the Lair.
 13892 | D:9      | Reached skill level 5 in Fighting
 14004 | D:10     | Entered Level 10 of the Dungeon
 14012 | D:10     | Received a gift from Nemelex Xobeh
 14249 | D:10     | Reached XP level 11. HP: 72/72 MP: 17/20
 14345 | D:10     | HP: 2/72 [twister/tornado[a card of wild magic] (17)]
 14613 | D:10     | Learned a level 3 spell: Stone Arrow
 14616 | D:10     | Learned a level 2 spell: Slow
 14925 | D:10     | Noticed Erolcha
 14934 | D:10     | Killed Erolcha
 15072 | D:10     | Noticed Joseph
 15086 | D:10     | Killed Joseph
 15107 | D:10     | Found a portal to a secret trove of treasure.
 15251 | D:11     | Noticed Erica
 15259 | D:11     | Killed Erica
 15437 | D:11     | Noticed Sonja
 15776 | D:11     | Received a gift from Nemelex Xobeh
 15849 | D:11     | Killed Sonja
 16150 | D:11     | Noticed a cyclops
 16174 | D:11     | Killed a cyclops
 16217 | D:11     | Noticed Grum
 16434 | D:11     | Killed Grum
 16442 | D:11     | Reached skill level 10 in Invocations
 16907 | D:12     | HP: 1/75 [something (9)]
 17461 | D:12     | Reached skill level 1 in Long Blades
 17519 | D:12     | Lost mutation: You are dopey. (Int -2) [potion of mutation]
 17519 | D:12     | Lost mutation: Your skin blends seamlessly with your
                  | surroundings (Stealth++). [potion of mutation]
 17519 | D:12     | Gained mutation: Your spells are a little harder to cast,
                  | but a little more powerful. [potion of mutation]
 17519 | D:12     | Gained mutation: Your flesh is cold resistant. (rC+)
                  | [potion of mutation]
 17519 | D:12     | Gained mutation: Your body sometimes deteriorates upon
                  | taking damage. [potion of mutation]
 17519 | D:12     | Gained mutation: Your flesh is very cold resistant. (rC++)
                  | [potion of mutation]
 17831 | D:12     | Found a staircase to the Orcish Mines.
 18090 | D:12     | Reached skill level 10 in Dodging
 18500 | D:12     | Received a gift from Nemelex Xobeh
 18671 | Lair:1   | Entered Level 1 of the Lair of Beasts
 19213 | Lair:1   | Reached XP level 12. HP: 81/81 MP: 14/21
 19315 | Lair:1   | Reached ***** piety under Nemelex Xobeh
 19315 | Lair:1   | Received a gift from Nemelex Xobeh
 19330 | Lair:1   | HP: 1/81 [hippogriff (5)]
 19330 | Lair:1   | Slain by a hippogriff

Vault maps used:
D:1:      dpeg_arrival_ratfight, chequers_serial_rivers_small_a, minivault_26,
          minivault_24
D:2:      minmay_recursive_quarters, lemuel_round_altar, minitemple
D:3:      first_ration, grunt_ministairs_3, minmay_fractal_squares_gapless_5
D:4:      serial_shops, shop_fountains, uniq_grinder
D:5:      minmay_temple_entry_overgrown
D:6:      lemuel_doored_altar, ashenzari_conservatory_becter,
          ebering_ghost_rock_garden, serial_shops, shop,
          minmay_misc_feat_more_columns, tgw_fedhas, uniq_sigmund
D:7:      minmay_the_grid_plus
D:8:      blue_anna_alchemist
D:9:      david_lair_shrubbed, serial_ice, serial_ice_g, serial_ice_c,
          serial_ice_b, serial_ice_m
D:10:     enter_trove_3, hangedman_abyss_or_decor_stagger,
          grunt_decor_resistance, uniq_erolcha, uniq_joseph
D:11:     minivault_24, uniq_grum, uniq_erica, uniq_sonja
D:12:     orc_0_dummy, hive_lemuel
Lair:1:   roderic_batcave, wad_woods_road_04

Skill      XL: |  1  2  3  4  5  6  7  8  9 10 11 |
---------------+----------------------------------+-----
Stealth        | 3 4 |  4.1
Conjurations   | 2 3 4 5 6 |  6.3
Dodging        | 3 4 5 6 8 10 | 10.1
Invocations    | 1 2 3 4 6 8 10 | 10.4
Spellcasting   | 4 5 6 |  6.5
Shields        | 2 4 |  4.3
Fighting       | 1 5 7 |  7.6
Long Blades    | 2 |  2.6
Summonings     | |  1.0
Translocations | |  1.0

Action                   |  1- 3 |  4- 6 |  7- 9 | 10-12 || total
-------------------------+-------+-------+-------+-------++-------
Melee: Unarmed           |     5 |       |       |       ||     5
       Constrict         |    27 |    46 |    35 |    76 ||   184
       Dagger            |   102 |   219 |   192 |    36 ||   549
       Tentacles         |     8 |    20 |    35 |    94 ||   157
       Rapier            |       |       |    21 |     5 ||    26
       Spear             |       |       |       |   464 ||   464
       Scimitar          |       |       |       |   129 ||   129
Throw: Throwing net      |       |       |     1 |       ||     1
 Cast: Magic Dart        |    17 |    40 |    36 |    10 ||   103
       Mephitic Cloud    |       |     5 |    11 |    30 ||    46
       Stone Arrow       |       |       |       |    20 ||    20
 Abil: Draw Destruction  |       |     9 |    16 |    18 ||    43
       Draw Summoning    |       |       |     2 |    14 ||    16
       Draw Escape       |       |       |     1 |     2 ||     3
Evoke: Wand              |       |     1 |     5 |       ||     6
  Use: Scroll            |     6 |     7 |     5 |    14 ||    32
       Potion            |       |     2 |     2 |     6 ||    10
 Stab: Sleeping          |    11 |    11 |     4 |    15 ||    41
       Confused          |       |     1 |     9 |    28 ||    38
       Paralysed         |       |     4 |       |       ||     4
       Distracted        |       |       |     1 |     3 ||     4
  Eat: Chunk             |     3 |    12 |     3 |    18 ||    36
       Ration            |       |     1 |     3 |     4 ||     8
Armor: Skin              |     9 |    18 |    35 |    85 ||   147
Dodge: Dodged            |    66 |   159 |   156 |   370 ||   751
Block: Buckler           |       |       |    37 |   125 ||   162
       Rpst.: Scimitar   |       |       |       |    27 ||    27

Table legend:
 A = Non-vault XP
 B = Vault XP
 C = Vault XP percentage of total XP
 D = Non-vault monster count
 E = Vault monster count
 F = Vault count percentage of total count
                 A         B        C        D         E       F
            +---------+---------+-------+---------+---------+-------
      Total |   13575 |    5356 |  28.3 |     266 |      45 |  14.5
            +---------+---------+-------+---------+---------+-------
        D:1 |      49 |       5 |   9.3 |      26 |       5 |  16.1
        D:2 |      58 |      22 |  27.5 |      22 |       6 |  21.4
        D:3 |     105 |      19 |  15.3 |      37 |       5 |  11.9
        D:4 |     478 |      35 |   6.8 |      22 |       1 |   4.3
        D:5 |     430 |       0 |   0.0 |      10 |       0 |   0.0
        D:6 |    1047 |     223 |  17.6 |       3 |       1 |  25.0
        D:7 |     283 |    1656 |  85.4 |       8 |      11 |  57.9
        D:8 |    1820 |     115 |   5.9 |      25 |       1 |   3.8
        D:9 |    1773 |     822 |  31.7 |      23 |       8 |  25.8
       D:10 |    1161 |    1069 |  47.9 |      39 |       2 |   4.9
       D:11 |    2776 |    1390 |  33.4 |      26 |       5 |  16.1
       D:12 |    2098 |       0 |   0.0 |      18 |       0 |   0.0
     Lair:1 |    1497 |       0 |   0.0 |       7 |       0 |   0.0
            +---------+---------+-------+---------+---------+-------
